 Dungeon Crawl Stone Soup version 0.27-a0-423-gf312af23e9 (webtiles) character file.

Game seed: 5777172180294644829

6881 jasper the Covert (level 10, -10/49 HPs)
             Began as a Spriggan Enchanter on Feb 26, 2021.
             Was an Elder of Kikubaaqudgha.
             Shot with a sling bullet by Joseph (19 damage)
             ... on level 10 of the Dungeon.
             The game lasted 00:25:46 (15184 turns).

jasper the Covert (Spriggan Enchanter)             Turns: 15184, Time: 00:25:47

Health: -10/49     AC:  5    Str:  4    XL:     10   Next: 79%
Magic:  12/20      EV: 22    Int: 21    God:    Kikubaaqudgha [****..]
Gold:   239        SH:  0    Dex: 15    Spells: 4/21 levels left

rFire    . . .     SeeInvis +   a - +1 dagger
rCold    . . .     Faith    .   (shield restricted)
rNeg     . . .     Spirit   .   z - +0 steam dragon scales
rPois    .         Reflect  .   (helmet restricted)
rElec    .         Harm     .   (no cloak)
rCorr    .         Rampage  .   (gloves unavailable)
Will     +....                  (boots unavailable)
Stlth    +++++.....             I - amulet of magic regeneration
HPRegen  0.16/turn              F - ring of wizardry
MPRegen  0.42/turn              (no ring)

@: very quick
A: very small, unfitting armour, see invisible, speed 3
a: Renounce Religion, Receive Corpses


You were on level 10 of the Dungeon.
You worshipped Kikubaaqudgha.
Kikubaaqudgha was greatly pleased with you.
You visited 1 branch of the dungeon, and saw 10 of its levels.
You also visited: Ossuary.

You collected 568 gold pieces.
You spent 329 gold pieces at shops.

Inventory:

Hand Weapons
 a - a +1 dagger (weapon)
 k - a +0 rapier
Missiles
 t - 8 boomerangs
Armour
 b - a +0 robe
 z - +0 steam dragon scales (worn)
Jewellery
 i - an amulet of reflection
 y - an amulet of the acrobat
 F - a ring of wizardry (left hand)
 I - an amulet of magic regeneration (around neck)
 K - an amulet of regeneration
Wands
 D - a wand of charming (8)
 G - a wand of random effects (13)
 H - a wand of flame (11)
Scrolls
 d - 3 scrolls of fog {unknown}
 e - a scroll of random uselessness {unknown}
 h - 4 scrolls of blinking {unknown}
 j - 8 scrolls of immolation {unknown}
 p - 3 scrolls of enchant armour {unknown}
 r - 3 scrolls of enchant weapon {unknown}
 s - 5 scrolls of teleportation
 u - 4 scrolls of identify {unknown}
 w - a scroll of noise {unknown}
 E - a scroll of magic mapping {unknown}
Potions
 c - 4 potions of lignification {unknown}
 f - 2 potions of might {unknown}
 g - a potion of haste {unknown}
 l - 2 potions of cancellation {unknown}
 m - 4 potions of heal wounds {unknown}
 n - 9 potions of curing {unknown}
 o - 6 potions of flight {unknown}
 q - a potion of mutation {unknown}
 v - 4 potions of brilliance {unknown}
 x - a potion of berserk rage {unknown}
 A - 2 potions of magic {unknown}
 B - a potion of ambrosia {unknown}
 C - 2 potions of attraction {unknown}
 J - a potion of degeneration {unknown}


   Skills:
 + Level 4.1 Fighting
 - Level 10.0 Short Blades
 + Level 7.2 Dodging
 * Level 12.0 Stealth
 + Level 6.4 Spellcasting
 - Level 7.0 Hexes
 + Level 4.4 Necromancy
 - Level 2.1 Translocations
 - Level 2.0 Ice Magic


You had 4 spell levels left.
You knew the following spells:

 Your Spells              Type           Power        Failure   Level
a - Corona                Hex            40%          1%          1
b - Ensorcelled Hibernat  Hex/Ice        50%          1%          2
c - Confusing Touch       Hex            36%          1%          3
d - Tukima's Dance        Hex            36%          1%          3
e - Animate Skeleton      Necr           50%          1%          1
f - Apportation           Tloc           30%          1%          1
g - Sublimation of Blood  Necr           12%          1%          2
h - Dispel Undead         Necr           25%          6%          4

Your spell library contained the following spells:

 Spells                   Type           Power        Failure   Level
 Pain                     Necr           100%         1%          1
 Vampiric Draining        Necr           12%          1%          3
 Dazzling Flash           Conj/Hex       42%          2%          3
 Summon Small Mammal      Summ           24%          4%          1
 Gell's Gravitas          Tloc           7%           4%          3
 Poisonous Vapours        Pois/Air       12%          6%          2
 Conjure Flame            Conj/Fire      6%           12%         3
 Mephitic Cloud           Conj/Pois/Air  6%           12%         3
 Petrify                  Tmut/Erth      6%           34%         4
 Agony                    Necr           25%          16%         5
 Excruciating Wounds      Necr           12%          16%         5
 Metabolic Englaciation   Hex/Ice        12%          16%         5
 Yara's Violent Unravell  Hex/Tmut       10%          24%         5
 Death Channel            Necr           12%          63%         6
 Simulacrum               Ice/Necr       10%          80%         6
 Freezing Cloud           Conj/Ice/Air   4%           98%         6


Dungeon Overview and Level Annotations

Branches:
Dungeon (10/15)            Temple (0/1) D:6            Lair (0/6) D:9
    Orc (0/2) D:10        Ossuary (visited)

Altars:
Ashenzari
Dithmenos
Fedhas
Hepliaklqana
Kikubaaqudgha
Okawaru
Qazlal
Uskayaw

Shops:
D:5 (   D:7 *   D:8 (

Annotations:
D:4 Eustachio, Grinder
D:10 Joseph


Innate Abilities, Weirdness & Mutations

You are very small and have problems with some larger weapons.
You are too small for most types of armour.
You have supernaturally acute eyesight. (SInv)
You cover ground extremely quickly.


Message History

Your orc skeleton hits Joseph with a +0 dagger.
Joseph hits you with a +0 quarterstaff!
* * * LOW HITPOINT WARNING * * *
You take 17 damage, and have 8/49 hp.
MASSIVE DAMAGE!!
You now have 13/20 mp.
Your orc skeleton completely misses Joseph.
Casting: Ensorcelled Hibernation (safe; 1% risk of failure)
Confirm with . or Enter, or press ? or * to list all spells.
There is nothing nearby to animate!
Press: ? - help, v - describe, . - travel, g - get item
Items here: a +0 mace; a +0 chain mail.
The floor, spattered with blood.
Okay, then.
Okay, then.
Okay, then.
Casting: Animate Skeleton (safe; 1% risk of failure)
Confirm with . or Enter, or press ? or * to list all spells.
Aiming: Tukima's Dance (safe; 1% risk of failure)
Press: ? - help, Shift-Dir - straight line, f/p - Joseph
Aim: Joseph, wielding a +0 quarterstaff, wearing a +0 leather armour and quivering sling bullets (lightly wounded, ally target, chance to affect: 58%) Joseph resists with significant effort.
Joseph unwields a +0 quarterstaff.
Joseph wields a +2 hunting sling of freezing.
It is covered in frost.
Joseph shoots a sling bullet.
The sling bullet closely misses you.
You now have 11/20 mp.
Casting: Tukima's Dance (safe; 1% risk of failure)
Confirm with . or Enter, or press ? or * to list all spells.
Aiming: Tukima's Dance (safe; 1% risk of failure)
Press: ? - help, Shift-Dir - straight line, f/p - Joseph
Aim: Joseph, wielding a +2 hunting sling of freezing, wearing a +0 leather armour and quivering sling bullets (lightly wounded, ally target, not susceptible)
Okay, then.
Unknown command.
Your orc skeleton barely misses Joseph.
Casting: Tukima's Dance (safe; 1% risk of failure)
Confirm with . or Enter, or press ? or * to list all spells.
Aiming: Tukima's Dance (safe; 1% risk of failure)
Press: ? - help, Shift-Dir - straight line, f - you, p - Joseph
Okay, then.
Joseph shoots a sling bullet.
The sling bullet hits you!!
You die...
Kikubaaqudgha rasps: "You have failed me!
Welcome... death!"

.........'....
................#....
...............#....
...............#....
.......>......#....
#....###+##...#...# #...<#
#...##### #....# #........
#.@..# #........
#....######)[[.....
#............)..... #
#.........##.######
#.#########...###...#...#####
#......Z@)@...# #...#.8....))
........#####+# #...#...#####
........# ########'###)
###.....# ... ##..[#


You could see Joseph.

Vanquished Creatures
  A centaur zombie (D:10)
  A centaur skeleton (D:10)
  Maggie (D:6)
  4 yaks (D:9)
  2 humans (D:8)
  A basilisk (D:9)
  4 wyverns
  Edmund (D:5)
  4 water moccasins
  2 black bears
  A sky beast (D:7)
  An orc warrior (D:8)
  An ice beast (D:10)
  2 necrophages
  4 ogres
  A phantom (D:5)
  3 centaurs
  Blork the orc (D:5)
  A gnoll sergeant (D:9)
  6 bullfrogs
  2 scorpions
  14 killer bees
  4 wights
  An electric eel (D:9)
  4 hounds
  6 orc priests
  A bullfrog skeleton (D:5)
  An iguana (D:9)
  8 orc wizards
  3 worker ants
  A hound skeleton (D:5)
  2 hound zombies
  2 howler monkey zombies
  2 worker ant zombies
  11 adders
  12 gnolls
  A howler monkey skeleton (D:10)
  2 shadow imps
  2 white imps
  2 oozes
  An adder zombie (D:9)
  2 adder skeletons
  3 dart slugs
  2 worms
  6 leopard geckos
  44 orcs
  11 bats
  4 giant cockroaches
  9 goblins
  8 hobgoblins
  20 jackals
  6 kobolds
  9 quokkas
  2 ball pythons
  6 frilled lizards
  A quokka skeleton (D:7)
  6 rats
263 creatures vanquished.

Vanquished Creatures (collateral kills)
  A worker ant (D:10)
  An orc (D:10)
2 creatures vanquished.

Vanquished Creatures (others)
  An orc (D:10)
  5 fungi (D:9)
  24 plants (D:9)
30 creatures vanquished.

Grand Total: 295 creatures vanquished

Notes
Turn   | Place    | Note
-------+----------+-------------------------------------------
     0 | D:1      | jasper the Spriggan Enchanter began the quest for the Orb.
     0 | D:1      | Reached XP level 1. HP: 9/9 MP: 5/5
   335 | D:1      | Reached XP level 2. HP: 12/13 MP: 5/7
   338 | D:1      | Learned a level 2 spell: Ensorcelled Hibernation
  1101 | D:1      | Reached XP level 3. HP: 16/16 MP: 5/8
  1199 | D:1      | Reached skill level 5 in Hexes
  1432 | D:2      | Noticed a necrophage
  1444 | D:2      | Learned a level 3 spell: Confusing Touch
  1445 | D:2      | Reached skill level 1 in Ice Magic
  1619 | D:3      | Reached XP level 4. HP: 21/21 MP: 6/9
  1773 | D:3      | Learned a level 3 spell: Tukima's Dance
  1963 | D:4      | Found an ancient bone altar of Kikubaaqudgha.
  1994 | D:4      | Became a worshipper of Kikubaaqudgha
  2114 | D:4      | Noticed Eustachio
  2124 | D:4      | Noticed Grinder
  2881 | D:2      | Reached XP level 5. HP: 24/24 MP: 7/10
  3189 | D:2      | Killed a necrophage
  4546 | D:3      | Reached XP level 6. HP: 26/28 MP: 8/11
  5017 | D:4      | Reached * piety under Kikubaaqudgha
  5017 | D:4      | Identified Kikubaaqudgha's Papyrus of Evil Rituals
                  | (Kikubaaqudgha gifted it to you on level 4 of the Dungeon)
  5017 | D:4      | Received a gift from Kikubaaqudgha
  5051 | D:3      | Learned a level 1 spell: Animate Skeleton
  5810 | D:5      | Entered Level 5 of the Dungeon
  5830 | D:5      | Noticed Edmund
  5879 | D:5      | Killed Edmund
  5880 | D:5      | Reached skill level 5 in Short Blades
  5880 | D:5      | Reached XP level 7. HP: 19/32 MP: 9/12
  6075 | D:5      | Learned a level 1 spell: Apportation
  6289 | D:5      | Found Dudiwkos's Weapon Shop.
  6929 | D:5      | Noticed Blork the orc
  6934 | D:5      | Killed Blork the orc
  7252 | D:5      | Found a stormy altar of Qazlal.
  7287 | D:5      | Found a broken altar of Ashenzari.
  7311 | D:5      | Reached XP level 8. HP: 26/36 MP: 10/13
  7674 | D:6      | Noticed Maggie
  7692 | D:6      | Killed Maggie
  7941 | D:6      | Found a sand-covered staircase.
  7955 | Ossuary  | Entered an ossuary
  8106 | D:6      | Found a staircase to the Ecumenical Temple.
  8257 | D:6      | Found a blossoming altar of Fedhas.
  8453 | D:6      | Reached ** piety under Kikubaaqudgha
  8562 | D:6      | Learned a level 2 spell: Sublimation of Blood
  8645 | D:7      | Reached skill level 10 in Short Blades
  8849 | D:7      | Found Loecemm's Assorted Antiques.
  8852 | D:7      | Bought a grey potion for 23 gold pieces
  8852 | D:7      | Bought a large cabochon ring for 130 gold pieces
  8852 | D:7      | Bought a ruby potion for 23 gold pieces
  8852 | D:7      | Bought a scroll labelled ADEUCZ NAISI for 26 gold pieces
  8852 | D:7      | Bought a green potion for 23 gold pieces
  8852 | D:7      | Bought a crooked iron wand for 104 gold pieces
  8903 | D:7      | Reached skill level 1 in Translocations
  8907 | D:7      | Found a shadowy altar of Dithmenos.
  8978 | D:7      | Reached skill level 5 in Stealth
  9295 | D:7      | Reached skill level 1 in Necromancy
  9564 | D:8      | Reached skill level 1 in Fighting
  9910 | D:8      | Reached skill level 6 in Stealth
  9910 | D:8      | Reached XP level 9. HP: 23/41 MP: 14/14
 10415 | D:8      | Reached skill level 7 in Stealth
 10435 | D:8      | Found Muarryn's Weapon Shop.
 11007 | D:8      | Reached skill level 8 in Stealth
 11130 | D:8      | Found an iron altar of Okawaru.
 11140 | D:8      | Reached skill level 5 in Dodging
 11238 | D:8      | Found a hazy altar of Hepliaklqana.
 11238 | D:8      | Found a hide-covered altar of Uskayaw.
 11564 | D:9      | Reached skill level 9 in Stealth
 12195 | D:9      | Reached *** piety under Kikubaaqudgha
 12195 | D:9      | Identified Kikubaaqudgha's Guide on Stolen Souls
                  | (Kikubaaqudgha gifted it to you on level 9 of the Dungeon)
 12195 | D:9      | Received a gift from Kikubaaqudgha
 12196 | D:9      | Reached skill level 5 in Spellcasting
 12196 | D:9      | Reached XP level 10. HP: 49/49 MP: 6/18
 12206 | D:9      | Learned a level 4 spell: Dispel Undead
 12730 | D:9      | Reached skill level 10 in Stealth
 13408 | D:9      | Found a staircase to the Lair.
 13724 | D:9      | Reached skill level 11 in Stealth
 13829 | D:10     | Entered Level 10 of the Dungeon
 14165 | D:10     | Found a staircase to the Orcish Mines.
 14200 | D:10     | Reached **** piety under Kikubaaqudgha
 15143 | D:10     | Noticed Joseph
 15145 | D:10     | Reached skill level 12 in Stealth
 15184 | D:10     | Shot with a sling bullet by Joseph

Illustrated notes

Levels and vault maps discovered:
D:1:      nagdon_arrival_double_spiral, layout_loops_ring, serial_glass,
          glass_columns_a, glass_columns_a, minmay_strange_pillars,
          feat_on_display, item_on_display_a
D:2:      layout_loops_cross
D:3:      wander_river, layout_basic
D:4:      layout_gridville, nicolae_overflow_crystal_walls, uniq_grinder,
          uniq_natasha, uniq_sigmund, uniq_eustachio
D:5:      layout_basic, nicolae_qazlal_eye_of_the_storm, serial_shops,
          shop_statue, skrybe_limestone_x, cheibrodos_ashenzari_chains,
          uniq_blork_the_orc, uniq_edmund
D:6:      layout_rooms, fedhas_altar_4, minmay_temple_entry_crystal_x,
          nicolae_ossuary_entry_ruins, uniq_maggie
D:7:      layout_gridville, serial_shops, nicolae_shop_window_shopping,
          nicolae_dithmenos_through_a_glass_darkly
D:8:      layout_rooms, gammafunk_temple_overflow_statue, okawaru_humans,
          serial_shops, nicolae_shop_temple_entry_statues_fountains
D:9:      layout_long_grid, minmay_lair_entry_grove, grunt_ministairs_8,
          hive_lemuel
D:10:     layout_irregular_city, hiddenorc2_lemuel, feat_on_display,
          uniq_maurice, uniq_joseph

Skill      XL: |  1  2  3  4  5  6  7  8  9 10 |
---------------+-------------------------------+-----
Spellcasting   | 3 5 6 |  6.4
Hexes          | 4 5 7 |  7.0
Ice Magic      | 1 2 |  2.0
Short Blades   | 2 5 8 10 | 10.0
Dodging        | 3 5 7 |  7.2
Translocations | 2 |  2.1
Stealth        | 6 9 12 | 12.0
Necromancy     | 1 3 4 |  4.4
Fighting       | 1 3 4 |  4.1

Action                   |  1- 3 |  4- 6 |  7- 9 | 10-12 || total
-------------------------+-------+-------+-------+-------++-------
Melee: Dagger            |   107 |   182 |   291 |   202 ||   782
 Cast: Corona            |     7 |       |       |       ||     7
       Ensorcelled Hiber |    25 |    73 |   131 |    99 ||   328
       Confusing Touch   |       |     7 |    14 |     7 ||    28
       Animate Skeleton  |       |       |       |    13 ||    13
       Dispel Undead     |       |       |       |    13 ||    13
       Tukima's Dance    |       |       |       |     1 ||     1
Evoke: Wand              |       |     3 |    12 |     4 ||    19
  Use: Scroll            |       |     1 |       |       ||     1
 Stab: Sleeping          |    27 |    45 |    75 |    54 ||   201
       Confused          |       |     3 |    11 |     6 ||    20
       Paralysed         |       |     1 |     4 |       ||     5
       Distracted        |       |       |     1 |     1 ||     2
Armor: Robe              |    15 |    11 |     2 |       ||    28
       Steam dragon scal |       |       |    23 |    24 ||    47
Dodge: Dodged            |    82 |   132 |   200 |   155 ||   569
Block: Other             |    14 |    40 |    52 |    12 ||   118
       Reflection        |       |     1 |       |     1 ||     2

Table legend: (Time is in decaauts)
 A = Elapsed time spent in this place.
 B = Non-inter-level travel time spent in this place.
 C = Inter-level travel time spent in this place.
 D = Time resting spent in this place.
 E = Time spent auto-exploring this place.
 F = Levels seen in this place.
 G = Mean time per level.
                   A        B        C        D        E       F      G
               +--------+--------+--------+--------+--------+-----+--------+
         Total |  12607 |  12444 |    163 |   2853 |   7403 |  11 | 1146.1 |
       Dungeon |  12583 |  12420 |    163 |   2853 |   7394 |  10 | 1258.3 |
       Ossuary |     23 |     23 |      0 |      0 |      8 |   1 |   23.0 |
               +--------+--------+--------+--------+--------+-----+--------+

Top non-repeatable levels by time:
     D:9: 1960 daAuts
     D:5: 1553 daAuts
     D:3: 1510 daAuts
     D:7: 1478 daAuts
     D:2: 1398 daAuts
     D:8: 1199 daAuts
     D:1: 1098 daAuts
     D:4: 853 daAuts
    D:10: 820 daAuts
     D:6: 711 daAuts
 Ossuary: 23 daAuts
